 Dungeon Crawl Stone Soup version 0.21.1-1-g345015f (webtiles) character file.

28093 troglodite the Cleaver (level 13, -7/104 HPs)
             Began as a Demonspawn Berserker on June 4, 2018.
             Was a High Priest of Trog.
             Killed by divine providence
             ... invoked by an orc priest
              (12 damage)
             ... on level 2 of the Orcish Mines.
             The game lasted 00:36:42 (12234 turns).

troglodite the Cleaver (Demonspawn Berserker)      Turns: 12234, Time: 00:36:43

Health: -7/104     AC: 24    Str: 23    XL:     13   Next: 7%
Magic:  0/2        EV: 17    Int: 15    God:    Trog [*****.]
Gold:   1793       SH: 18    Dex: 20    Spells: 12/12 levels left

rFire    + . .     SeeInvis .   r - +6 war axe (venom)
rCold    . . .     Gourm    +   I - +0 large shield
rNeg     + . .     Faith    .   C - +5 plate armour of the Snake Pit {rElec rCorr MP-9 Int+7 Dex-3}
rPois    .         Spirit   +   (helmet restricted)
rElec    +         Reflect  .   (no cloak)
rCorr    +         Harm     .   k - +2 pair of gloves
MR       .....                  e - +0 pair of boots "Iforoth" {+Fly rN+ Regen+}
Stlth    ..........             f - amulet of the gourmand
HPRegen  0.67/turn              t - +3 ring of evasion
MPRegen  0.08/turn              K - ring of protection from fire

@: mighty, agile, berserk cooldown, very slightly contaminated, slowed, drained,
very slow
A: horns 2, rugged brown scales 1, low mp 1, powered by pain 3, magic shield
a: Berserk, Trog's Hand, Brothers in Arms, Burn Spellbooks, Renounce Religion,
Evoke Flight


You were on level 2 of the Orcish Mines.
You worshipped Trog.
Trog was extremely pleased with you.
You were very full.

You visited 2 branches of the dungeon, and saw 13 of its levels.

You collected 1793 gold pieces.

Inventory:

Hand Weapons
 b - a +3 antimagic broad axe
 h - a +2 hand axe of electrocution
 r - a +6 war axe of venom (weapon)
 w - a +0 hand axe of flaming
Armour
 e - the +0 pair of boots "Iforoth" (worn) {+Fly rN+ Regen+}
   (You found it on level 7 of the Dungeon)

   It protects you from negative energy.
   It lets you fly.
   It increases your rate of regeneration.
 k - a +2 pair of gloves (worn)
 C - the +5 plate armour of the Snake Pit (worn) {rElec rCorr MP-9 Int+7 Dex-3}
   (You found it on level 5 of the Dungeon)

   It affects your intelligence (+7).
   It affects your dexterity (-3).
   It insulates you from electricity.
   It affects your magic capacity (-9).
   It protects you from acid and corrosion.
 I - a +0 large shield (worn)
Jewellery
 f - an amulet of the gourmand (around neck)
 t - a +3 ring of evasion (left hand)
 K - a ring of protection from fire (right hand)
Wands
 n - a wand of acid (33)
 z - a wand of disintegration (18)
 A - a wand of polymorph (22)
 B - a wand of scattershot (4)
 O - a wand of iceblast (9)
 R - a wand of enslavement (17)
Scrolls
 g - 6 scrolls of remove curse
 o - a scroll of magic mapping
 p - 6 scrolls of teleportation
 q - a scroll of blinking
 u - 4 scrolls of immolation {unknown}
 y - a scroll of amnesia {unknown}
 D - a scroll of torment {unknown}
 E - 3 scrolls of fog {unknown}
 F - a scroll of silence {unknown}
 G - a scroll of fear {unknown}
 H - a scroll of random uselessness {unknown}
 Q - a scroll of acquirement {unknown}
Potions
 d - a potion of magic
 i - 3 potions of agility
 j - 5 potions of heal wounds
 l - a potion of brilliance
 v - 3 potions of might
 x - 4 potions of curing
 J - a potion of resistance
 L - 2 potions of experience
 M - 3 potions of cancellation
 N - 5 potions of lignification
Comestibles
 a - 3 chunks of flesh
 c - 21 rations


   Skills:
 * Level 9.2(8.9) Fighting
   Level 3.9(3.7) Long Blades
 + Level 10.6(10.3) Axes
 * Level 8.6(8.3) Armour
 * Level 7.9(7.6) Dodging
 + Level 1.2(1.0) Stealth
 * Level 10.6(10.3) Shields


You had 12 spell levels left.
You didn't know any spells.

Dungeon Overview and Level Annotations

Branches:
Dungeon (11/15)            Temple (0/1) D:4            Lair (0/6) D:11
    Orc (2/2) D:10            Elf (0/3) Orc:2

Altars:
Elyvilon
Gozag
Kikubaaqudgha
Makhleb
Qazlal
Wu Jian
Zin

Shops:
D:9 :   D:10 [   Orc:2 !?


Innate Abilities, Weirdness & Mutations

You have a pair of horns on your head.
You are partially covered in rugged brown scales. (AC +1, +3% HP)
You are powered by pain.
When hurt, damage is shared between your health and your magic reserves.
Your magical capacity is low. (-10% MP)


Message History

Blink to where?
Press: ? - help, Dir - move target cursor You are very lightly contaminated with residual magic.
As you read the scroll of blinking, it crumbles to dust.
The orc priest looks encouraged for a moment.
The orc priest invokes the aid of Beogh against you.
Beogh smites you!
* * * LOW HITPOINT WARNING * * *
You focus on the pain.
You feel mightier all of a sudden.
The orc priest calls down the wrath of Beogh upon you.
Beogh smites you!
* * * LOW HITPOINT WARNING * * *
Things that are here:
a dire flail; a leather armour The orc sorcerer mumbles some strange words.
There is a stone staircase leading up here.
The orc priest invokes the aid of Beogh against you.
Beogh smites you!
You die...

..#.#....###..)# #.
........#4###).o# ##
#.#.....[..###...# #.
#).........o###..o..
#.
.[.........#o###.#...
#.
.)........#...###....
##
..........)>...###...
#
...............)###.
...............)@##
...#............[.#
....#...#.#......##
........##.......#
.............##.##
.........#.######
........####
...#.#### ....####


You could see a rust devil, an orc sorcerer and an orc priest.

Vanquished Creatures
  A hydra (D:9)
  The ghost of Tarasboulda the Covert, a journeyman HuIE of Sif Muna (D:11)
  Erica (Orc:1)
  4 two-headed ogres
  The ghost of troglodite the Slicer, a novice DsBe of Trog (D:10)
  3 orc high priests (Orc:2)
  2 sun demons (Orc:2)
  A sixfirhy (Orc:2)
  2 unseen horrors
  3 orc knights (Orc:2)
  The ghost of Jaiteiro the Shield-Bearer, a novice GrFi of Okawaru (D:8)
  2 cyclopes
  4 orc sorcerers (Orc:2)
  2 oklob plants (D:11)
  A gargoyle (D:8)
  The ghost of Tiareth the Magician, a novice DEWz (D:5)
  5 trolls
  Grinder (D:4)
  2 hippogriffs
  Sigmund (D:2)
  A spriggan (shapeshifter) (D:8)
  A wyvern (D:9)
  3 wraiths
  The ghost of MrLeft the Cudgeler, an amateur DrBe of Trog (D:4)
  9 yaks (D:9)
  2 steam dragons
  2 neqoxecs (Orc:2)
  A warg (Orc:2)
  An acid dragon (D:8)
  A water moccasin (D:9)
  21 orc warriors
  4 ice beasts
  2 sky beasts
  A phantom (D:8)
  2 black bears
  A necrophage (D:9)
  14 ogres
  A crocodile (D:11)
  2 centaurs
  A big kobold (D:7)
  6 bullfrogs
  A gnoll sergeant (Orc:2)
  A wyvern zombie (D:7)
  2 scorpions
  14 killer bees
  5 wights
  3 howler monkeys
  2 centaur zombies
  2 crimson imps
  3 quasits
  3 hounds
  21 orc priests
  3 jellies
  Natasha (thrice) (D:4)
  2 centaur skeletons
  6 iguanas
  Terence (D:2)
  15 orc wizards
  11 worker ants
  A hound zombie (D:4)
  13 gnolls
  13 adders
  3 oozes
  2 adder skeletons
  3 worms
  8 leopard geckos
  66 orcs
  3 ball pythons
  4 giant cockroaches
  4 goblins
  5 hobgoblins
  10 jackals
  9 kobolds
  4 quokkas
  A bat (D:3)
  6 frilled lizards
  A leopard gecko skeleton (D:7)
  2 leopard gecko zombies
  10 rats
  13 plants (D:11)
395 creatures vanquished.

Notes
Turn   | Place    | Note
-------+----------+-------------------------------------------
     0 | D:1      | troglodite the Demonspawn Berserker began the quest for the Orb.
     0 | D:1      | Reached XP level 1. HP: 18/18 MP: 1/1
   773 | D:1      | Gained mutation: You have a pair of small horns on your head. [demonic ancestry]
   773 | D:1      | Reached XP level 2. HP: 24/24 MP: 2/2
  1300 | D:2      | Noticed Terence
  1307 | D:2      | Killed Terence
  1307 | D:2      | Gained mutation: You sometimes gain a little power by taking damage. [demonic ancestry]
  1307 | D:2      | Reached XP level 3. HP: 29/29 MP: 3/3
  1644 | D:2      | Reached skill level 1 in Shields
  1644 | D:2      | Reached XP level 4. HP: 35/35 MP: 4/4
  1654 | D:2      | Noticed Sigmund
  1663 | D:2      | Killed Sigmund
  1663 | D:2      | Reached ** piety under Trog
  1663 | D:2      | Gained mutation: You sometimes gain power by taking damage. [demonic ancestry]
  1663 | D:2      | Reached XP level 5. HP: 28/42 MP: 5/5
  2433 | D:3      | Gained mutation: You have a pair of horns on your head. [demonic ancestry]
  2433 | D:3      | Reached XP level 6. HP: 44/48 MP: 6/6
  2445 | D:3      | Reached skill level 1 in Stealth
  2945 | D:4      | Found a white marble altar of Elyvilon.
  2955 | D:4      | Reached skill level 1 in Axes
  2957 | D:4      | Reached XP level 7. HP: 50/54 MP: 7/7
  2976 | D:4      | HP: 2/55 [worm (4)]
  3446 | D:4      | Noticed MrLeft's ghost (amateur DrBe)
  3511 | D:4      | Reached *** piety under Trog
  3538 | D:4      | Killed MrLeft's ghost
  3602 | D:4      | Noticed Grinder
  3611 | D:4      | Paralysed by Grinder for 5 turns
  3617 | D:4      | Paralysed by Grinder for 5 turns
  3623 | D:4      | Killed Grinder
  3623 | D:4      | Reached skill level 5 in Fighting
  3623 | D:4      | Gained mutation: You are partially covered in rugged brown scales. (AC +1, +3% HP) [demonic ancestry]
  3623 | D:4      | Reached XP level 8. HP: 29/63 MP: 8/8
  3822 | D:4      | Noticed Natasha
  3826 | D:4      | Killed Natasha
  3899 | D:4      | Noticed Natasha
  3907 | D:4      | Killed Natasha
  3955 | D:4      | Noticed Natasha
  3960 | D:4      | Killed Natasha
  4031 | D:4      | Found a staircase to the Ecumenical Temple.
  4132 | D:5      | Entered Level 5 of the Dungeon
  4197 | D:5      | Noticed Tiareth's ghost (novice DEWz)
  4218 | D:5      | Killed Tiareth's ghost
  4288 | D:5      | Found an ancient bone altar of Kikubaaqudgha.
  4298 | D:5      | Found an ornate altar of the Wu Jian Council.
  4315 | D:5      | Found a glowing silver altar of Zin.
  4409 | D:5      | Reached skill level 5 in Axes
  4493 | D:5      | Got a brightly glowing plate armour
  4504 | D:5      | Identified the +5 plate armour of the Snake Pit {rElec rCorr MP-9 Int+7 Dex-3} (You found it on level 5 of the Dungeon)
  5297 | D:6      | Reached XP level 9. HP: 67/71 MP: 0/9
  5887 | D:7      | Reached skill level 5 in Armour
  5942 | D:7      | Reached **** piety under Trog
  5959 | D:7      | Got a pair of ancient boots
  5965 | D:7      | Identified the cursed +0 pair of boots "Iforoth" {+Fly rN+ Regen+} (You found it on level 7 of the Dungeon)
  6221 | D:8      | Noticed Jaiteiro's ghost (novice GrFi)
  6265 | D:8      | Killed Jaiteiro's ghost
  6265 | D:8      | Received a gift from Trog
  6716 | D:8      | Reached skill level 5 in Shields
  6723 | D:8      | Reached XP level 10. HP: 79/79 MP: 1/10
  6734 | D:8      | Killed an unseen horror
  6734 | D:8      | Reached skill level 5 in Dodging
  6738 | D:8      | Noticed a two-headed ogre
  6742 | D:8      | Killed a two-headed ogre
  6809 | D:8      | Noticed a gargoyle
  6823 | D:8      | Killed a gargoyle
  7133 | D:9      | Found Ryfufe's Book Shop.
  7133 | D:9      | Noticed a seven-headed hydra
  7146 | D:9      | Killed a four-headed hydra
  7243 | D:9      | Gained mutation: When hurt, damage is shared between your health and your magic reserves. [demonic ancestry]
  7243 | D:9      | Reached XP level 11. HP: 86/86 MP: 2/11
  7263 | D:9      | Reached ***** piety under Trog
  7655 | D:9      | Found a stormy altar of Qazlal.
  7887 | D:10     | Entered Level 10 of the Dungeon
  7966 | D:10     | Noticed a two-headed ogre
  7983 | D:10     | Killed a two-headed ogre
  8097 | D:10     | Noticed troglodite's ghost (novice DsBe)
  8182 | D:10     | Killed troglodite's ghost
  8242 | D:10     | Found Jouqudic's Antique Armour Shop.
  8264 | D:10     | Found a staircase to the Orcish Mines.
  8723 | D:11     | Killed an unseen horror
  8729 | D:11     | Noticed a two-headed ogre
  8739 | D:11     | Killed a two-headed ogre
  8745 | D:11     | Noticed Tarasboulda's ghost (journeyman HuIE)
  8879 | D:11     | Killed Tarasboulda's ghost
  9008 | D:11     | Reached XP level 12. HP: 85/94 MP: 3/12
  9204 | D:11     | Noticed a two-headed ogre
  9214 | D:11     | Killed a two-headed ogre
  9646 | D:11     | Found a staircase to the Lair.
  9768 | D:11     | Found an opulent altar of Gozag.
  9934 | Orc:1    | Entered Level 1 of the Orcish Mines
 10216 | Orc:1    | Received a gift from Trog
 10433 | Orc:2    | Entered Level 2 of the Orcish Mines
 10460 | Orc:2    | Received a gift from Trog
 10723 | Orc:1    | Noticed Erica
 10739 | Orc:1    | Killed Erica
 10739 | Orc:1    | Reached skill level 10 in Axes
 10785 | Orc:1    | Reached skill level 10 in Shields
 11056 | Orc:2    | Found a staircase to the Elven Halls.
 11299 | Orc:2    | Found Toka's Distillery.
 11309 | Orc:2    | Gained mutation: Your magical capacity is low. (-10% MP) [a neqoxec]
 11395 | Orc:2    | Found Doeclon's Magic Scroll Emporium.
 11664 | Orc:2    | Found a burning altar of Makhleb.
 11763 | Orc:2    | Received a gift from Trog
 11880 | Orc:2    | Noticed an orc high priest
 11884 | Orc:2    | Noticed an orc high priest
 12109 | Orc:2    | Killed an orc high priest
 12193 | Orc:2    | Noticed an orc high priest
 12198 | Orc:2    | Killed an orc high priest
 12203 | Orc:2    | Killed an orc high priest
 12203 | Orc:2    | Gained mutation: You are powered by pain. [demonic ancestry]
 12203 | Orc:2    | Reached XP level 13. HP: 82/104 MP: 0/11
 12232 | Orc:2    | HP: 3/104 [orc priest/divine providence (10)]
 12234 | Orc:2    | Killed from afar by an orc priest

Skill      XL: |  1  2  3  4  5  6  7  8  9 10 11 12 |
---------------+-------------------------------------+-----
Long Blades    | 3 |  3.9
Dodging        | 2 3 4 5 6 7 |  7.9
Armour         | 2 3 4 5 6 7 8 |  8.6
Shields        | 1 2 3 5 7 9 10 | 10.6
Stealth        | 1 |  1.2
Fighting       | 4 5 6 7 8 9 |  9.2
Axes           | 2 3 5 7 8 9 10 | 10.6

Action                   |  1- 3 |  4- 6 |  7- 9 | 10-12 | 13-15 || total
-------------------------+-------+-------+-------+-------+-------++-------
Melee: Falchion          |    88 |    35 |       |       |       ||   123
       Headbutt          |     8 |    12 |    56 |   205 |       ||   281
       War axe           |       |    49 |   273 |   480 |     3 ||   805
       Hand axe          |       |       |       |   373 |       ||   373
Invok: Berserk           |     2 |     2 |     6 |    16 |       ||    26
       Trog's Hand       |       |       |     1 |       |       ||     1
       Burn Spellbooks   |       |       |       |     2 |       ||     2
  Use: Scroll            |       |       |       |    20 |     1 ||    21
  Eat: Chunk             |     8 |    12 |    19 |    34 |       ||    73
Armor: Ring mail         |    25 |    23 |    27 |       |       ||    75
       Plate armour      |       |       |    91 |   345 |     2 ||   438
Dodge: Dodged            |    50 |    53 |   115 |   181 |     3 ||   402
Block: Buckler           |    15 |    34 |    36 |       |       ||    85
       Large shield      |       |       |    83 |   702 |     4 ||   789
       Rpst.: Falchion   |    20 |    10 |       |       |       ||    30
